 Dungeon Crawl Stone Soup version 0.25-a0-869-g05d4e06a41 (webtiles) character file.

Game seed: 9154037855794553649, levelgen mode: deterministic

61 Maedhros the Sneak (level 4, 0/28 HPs)
             Began as an Octopode Artificer on May 1, 2020.
             Killed by divine providence
             ... invoked by an orc priest
              (13 damage)
             ... on level 4 of the Dungeon.
             The game lasted 00:02:14 (505 turns).

Maedhros the Sneak (Octopode Artificer)              Turns: 505, Time: 00:02:15

Health: 0/28       AC:  1    Str: 11    XL:     4   Next: 7%
Magic:  6/6        EV: 13    Int: 13    God:
Gold:   65         SH:  0    Dex: 13    Spells: 3/3 levels left

rFire    . . .     SeeInvis .   g - +2 short sword (venom)
rCold    . . .     Gourm    .   (no shield)
rNeg     . . .     Faith    .   (helmet restricted)
rPois    .         Spirit   .   (no amulet)
rElec    .         Reflect  .   (no ring)
rCorr    .         Harm     .   (no ring)
MR       .....                  (no ring)
Stlth    +++.......             (no ring)
HPRegen  0.09/turn              (no ring)
MPRegen  0.10/turn              (no ring)
                                (no ring)
                                (no ring)

@: no status effects
A: almost no armour, stealthy swim, amphibious, 8 rings, constrict 8, camouflage
1, gelatinous body 1
a: no special abilities


You were on level 4 of the Dungeon.
You were not hungry.

You visited 1 branch of the dungeon, and saw 4 of its levels.

You collected 65 gold pieces.

Inventory:

Hand Weapons
 g - a +2 short sword of venom (weapon)
Wands
 b - a wand of flame (10)
 c - a wand of enslavement (13)
 d - a wand of random effects (14)
Scrolls
 a - a scroll of identify {unknown}
 e - a scroll of teleportation {unknown}
 i - a scroll of random uselessness {unknown}
 m - 2 scrolls of remove curse {unknown}
 n - a scroll of enchant armour {unknown}
Potions
 h - 2 potions of curing {unknown}
 j - 2 potions of stabbing {unknown}
 k - a potion of experience {unknown}
 l - a potion of degeneration {unknown}
Comestibles
 f - 3 rations


   Skills:
 - Level 1.0 Fighting
 - Level 1.0 Short Blades
 - Level 2.0 Dodging
 - Level 4.0 Stealth
 + Level 2.3 Unarmed Combat
 - Level 3.2 Evocations


You had 3 spell levels left.
You didn't know any spells.
Your spell library was empty.

Dungeon Overview and Level Annotations

Branches:
Dungeon (4/15)
 Temple: D:4-7

Altars:
Gozag


Innate Abilities, Weirdness & Mutations

You cannot wear most types of armour.
You are very stealthy in the water. (Stealth+)
You are amphibious.
You can wear up to eight rings at the same time.
You can use your tentacles to constrict eight enemies at once.
Your skin changes colour to match your surroundings (Stealth+).
Your rubbery body absorbs attacks. (AC +1, EV +1)


Message History

You kill the adder!
You have reached level 4!
Found a stone staircase leading down.
There is a stone staircase leading down here.
You climb downwards.
An iguana, 2 orcs and an orc priest come into view.
There is a stone staircase leading up here.
Unknown command.
The helpless orc fails to defend itself.
You puncture the orc!
You kill the orc!
Evoke which item? (* to show all) (? for menu, Esc to quit)
Aiming: Enslavement
Press: ? - help, Shift-Dir - straight line, f - iguana
Aim: an iguana (resting, chance to defeat MR: 64%)
The iguana is charmed.
The orc priest shouts!
The orc shouts!
You hear a shout!
The orc priest mumbles some strange prayers to Beogh against you.
Beogh smites you!
You die...

... ...
#..###..# # .
.......#.#
..##......#.###
...............
#..............
#......l....o..
#......@.......
.....#+#o#.####
### ... ##.# .#
#


You could see an orc priest, an orc and a friendly iguana.

Vanquished Creatures
  2 adders
  A worm (D:3)
  2 orcs
  3 bats
  A giant cockroach (D:3)
  4 hobgoblins
  8 jackals (D:3)
  4 kobolds
  4 frilled lizards
  2 goblins
  4 rats
35 creatures vanquished.

Vanquished Creatures (collateral kills)
  A jackal (D:3)
  A goblin (D:3)
2 creatures vanquished.

Vanquished Creatures (others)
  A jackal (D:3)
1 creature vanquished.

Grand Total: 38 creatures vanquished

Notes
Turn   | Place    | Note
-------+----------+-------------------------------------------
     0 | D:1      | Maedhros the Octopode Artificer began the quest for the
                  | Orb.
     0 | D:1      | Reached XP level 1. HP: 13/13 MP: 3/3
    21 | D:1      | Reached skill level 2 in Stealth
    83 | D:1      | Reached XP level 2. HP: 18/18 MP: 4/4
    94 | D:1      | Reached skill level 3 in Stealth
   151 | D:2      | Reached skill level 4 in Stealth
   219 | D:2      | Reached XP level 3. HP: 17/23 MP: 5/5
   280 | D:3      | Reached skill level 1 in Unarmed Combat
   285 | D:3      | Found an opulent altar of Gozag.
   487 | D:3      | Reached XP level 4. HP: 11/28 MP: 6/6
   505 | D:4      | Killed from afar by an orc priest

Levels and vault maps discovered:
D:1:      dpeg_arrival_tiny_b, layout_rooms
D:2:      layout_basic
D:3:      layout_basic, lemuel_coloured_pillars_altar
D:4:      layout_basic, kennysheep_mini, first_ration, uniq_blork_the_orc

Skill      XL: |  1  2  3 |
---------------+----------+-----
Stealth        | 2 4 |  4.0
Unarmed Combat | 2 |  2.3
Fighting       | |  1.0
Short Blades   | |  1.0
Dodging        | |  2.0
Evocations     | |  3.2

Action                   |  1- 3 |  4- 6 || total
-------------------------+-------+-------++-------
Melee: Short sword       |    52 |     1 ||    53
       Constrict         |    13 |       ||    13
       Tentacles         |     3 |       ||     3
Evoke: Wand              |     6 |     2 ||     8
 Stab: Sleeping          |     6 |     1 ||     7
Armor: Skin              |     3 |       ||     3
Dodge: Dodged            |    24 |       ||    24

Table legend:
 A = Non-vault XP
 B = Vault XP
 C = Vault XP percentage of total XP
 D = Non-vault monster count
 E = Vault monster count
 F = Vault count percentage of total count
                 A         B        C        D         E       F
            +---------+---------+-------+---------+---------+-------
      Total |      88 |       0 |   0.0 |      37 |       0 |   0.0
            +---------+---------+-------+---------+---------+-------
        D:1 |      16 |       0 |   0.0 |      12 |       0 |   0.0
        D:2 |      18 |       0 |   0.0 |       4 |       0 |   0.0
        D:3 |      51 |       0 |   0.0 |      20 |       0 |   0.0
        D:4 |       3 |       0 |   0.0 |       1 |       0 |   0.0
            +---------+---------+-------+---------+---------+-------
